 Dungeon Crawl Stone Soup version 0.28-a0-472-g50180c0d78 (webtiles) character file.

Game seed: 8447275693092210469

20079 Dabor the Cruncher (level 12, -2/91 HPs)
             Began as a Grey Draconian Conjurer on Sept 14, 2021.
             Was a Believer of Sif Muna.
             Slain by a catoblepas (11 damage)
             ... while petrified by a catoblepas
             ... on level 5 of the Lair of Beasts.
             The game lasted 00:50:06 (18116 turns).

Dabor the Cruncher (Grey Draconian Conjurer)       Turns: 18116, Time: 00:50:06

Health: -2/91      AC: 23    Str: 10    XL:     12   Next: 42%
Magic:  20/22      EV:  2    Int: 24    God:    Sif Muna [**....]
Gold:   426        SH:  0    Dex: 15    Spells: 9/25 levels left

rFire   . . .      SeeInvis .   G - +4 quarterstaff (spect)
rCold   . . .      Faith    +   (shield currently unavailable)
rNeg    + + +      Spirit   .   (armour unavailable)
rPois   ∞          Reflect  .   (helmet restricted)
rElec   .          Harm     .   f - scarf {repulsion}
rCorr   .          Rampage  .   H - +2 pair of gloves
Will    .....                   c - +2 pair of boots
Stlth   ++++......              I - amulet of faith
HPRegen 0.25/turn               o - +6 ring of dexterity
MPRegen 0.18/turn               B - +4 ring of protection

@: petrified, studying Shields, repel missiles
A: AC +13, amphibious, unfitting armour, cold-blooded
a: Renounce Religion, Channel Magic


You were on level 5 of the Lair of Beasts.
You worshipped Sif Muna.
Sif Muna was pleased with you.
You visited 5 branches of the dungeon, and saw 17 of its levels.

You collected 789 gold pieces.
You spent 363 gold pieces at shops.

Inventory:

Hand Weapons
 d - a +0 mace of protection
 e - a +6 mace
 l - a +0 short sword of speed
 y - a +3 quarterstaff of chaos
 G - a +4 spectral quarterstaff (weapon)
Armour
 c - a +2 pair of boots (worn)
 f - a scarf of repulsion (worn)
 H - a +2 pair of gloves (worn)
Jewellery
 g - an amulet of reflection
 o - a +6 ring of dexterity (left hand)
 v - a +6 ring of dexterity
 B - a +4 ring of protection (right hand)
 I - an amulet of faith (around neck)
 K - a ring of ice
Wands
 h - a wand of polymorph (11)
 q - a wand of mindburst (22)
 t - a wand of acid (6)
 x - a wand of charming (10)
 F - a wand of iceblast (7)
Scrolls
 b - 2 scrolls of enchant weapon
 k - 6 scrolls of teleportation
 m - 4 scrolls of magic mapping
 n - 2 scrolls of amnesia
 w - 2 scrolls of holy word
 A - 6 scrolls of identify
 C - 2 scrolls of enchant armour
 J - a scroll of brand weapon
Potions
 a - a potion of mutation
 i - 2 potions of attraction
 j - 2 potions of might {unknown}
 p - a potion of lignification
 r - 2 potions of berserk rage {unknown}
 s - a potion of curing
 u - 2 potions of degeneration
 z - a potion of cancellation {unknown}
 D - a potion of brilliance {unknown}
 E - 2 potions of flight {unknown}


   Skills:
 - Level 4.0 Fighting
 - Level 8.9 Staves
 - Level 7.0 Dodging
 - Level 7.6 Stealth
 + Level 7.2 Spellcasting
 + Level 8.6 Conjurations
 - Level 7.0 Translocations
 * Level 7.9 Earth Magic
 - Level 5.0 Evocations


You had 9 spell levels left.
You knew the following spells:

 Your Spells              Type           Power      Damage    Failure   Level
a - Magic Dart            Conj           100%       1d8       1%          1
b - Searing Ray           Conj           98%        2d8       1%          2
c - Teleport Other        Tloc           42%        N/A       1%          3
d - Iskenderun's Mystic   Conj/Tloc      46%        2d10      2%          4
e - Iron Shot             Conj/Erth      24%        9d5       34%         6

Your spell library contained the following spells:

 Spells                   Type           Power      Damage    Failure   Level
 Apportation              Tloc           84%        N/A       1%          1
 Gell's Gravitas          Tloc           21%        N/A       1%          3
 Lesser Beckoning         Tloc           42%        N/A       1%          3
 Dazzling Flash           Conj/Hex       58%        N/A       3%          3
 Animate Skeleton         Necr           16%        N/A       7%          1
 Freeze                   Ice            32%        1d5       7%          1
 Summon Small Mammal      Summ           32%        N/A       7%          1
 Ensorcelled Hibernation  Hex/Ice        16%        N/A       11%         2
 Fulminant Prism          Conj/Hex       14%        3d9       12%         4
 Hailstorm                Conj/Ice       29%        3d8       12%         4
 Frozen Ramparts          Ice            16%        1d3       22%         3
 Tukima's Dance           Hex            8%         N/A       22%         3
 Summon Forest            Summ/Tloc      12%        N/A       43%         5
 Blade Hands              Tmut           4%         N/A       89%         5
 Summon Mana Viper        Hex/Summ       8%         N/A       89%         5
 Summon Cactus Giant      Summ           4%         N/A       100%        6
 Animate Armour           Summ/Erth      Unusable   N/A       N/A         4

Dungeon Overview and Level Annotations

Branches:
Dungeon (9/15)             Temple (1/1) D:7            Lair (5/6) D:8
  Swamp (1/4) Lair:2       Spider (1/4) Lair:2
  Slime: Lair:5-6       Orc: D:9-12

Altars:
Ashenzari
Cheibriados
Dithmenos
Elyvilon
Fedhas
Gozag
Hepliaklqana
Kikubaaqudgha
Makhleb
Nemelex Xobeh
Okawaru
Qazlal
Ru
Sif Muna
Trog
Uskayaw
Vehumet
Wu Jian
Xom
Yredelemnul
Zin
The Shining One

Shops:
D:3 ?   D:6 [   D:8 [

Annotations:
D:8 2 runed translucent doors, exclusion: orange crystal statue
Lair:5 Sonja
Swamp:1 Roxanne


Innate Abilities, Weirdness & Mutations

Your dull iron-grey scales are very hard. (AC +13)
You are amphibious.
You cannot fit into any form of body armour.
You are cold-blooded and may be slowed by cold attacks.


Message History

The bolt of electricity hits the plant!
The plant begins to die.
The bolt of electricity hits you!
* * * LOW HITPOINT WARNING * * *
Sonja bows elegantly.
Sonja mumbles some strange words.
Sonja blinks!
* * * LOW HITPOINT WARNING * * *
You feel very sick.
Sonja mumbles some strange words.
Sonja blinks!
The catoblepas breathes a plume of calcifying dust at you.
The blast of calcifying dust hits you!
* * * LOW HITPOINT WARNING * * *
You feel better.
You are engulfed in calcifying dust.
You are slowing down.
Sonja is engulfed in calcifying dust.
Sonja is moving more slowly.
Okay, then.
Press: ? - help, v - describe, . - travel
Here: a catoblepas The floor.
Okay, then.
Okay, then.
As you read the scroll of teleportation, it crumbles to dust.
You feel strangely unstable.
You are engulfed in calcifying dust.
Your limbs have turned to stone.
Sonja is engulfed in calcifying dust.
Sonja stops moving altogether!
You have turned to stone.
You are engulfed in calcifying dust.
A nearby plant withers and dies.
Sonja is engulfed in calcifying dust. x2
You are engulfed in calcifying dust.
Your surroundings seem slightly different.
Sonja is engulfed in calcifying dust.
The electric eel shoots out a bolt of lightning at you!
The bolt of electricity hits you.
* * * LOW HITPOINT WARNING * * *
The catoblepas gores you but does no damage.
Sonja is engulfed in calcifying dust.
The catoblepas gores you but does no damage.
Sonja is engulfed in calcifying dust.
The catoblepas gores you!!
You die...

##P.........##
.....
#...........# ...
♣####..........#
..
♣♣♣P≈#≈≈........##
≈≈P≈P≈PP≈......##
≈≈≈≈≈≈P≈P......P#
≈≈≈≈≈P≈P........##
≈≈≈≈≈≈≈≈≈........#
≈≈≈≈≈P≈≈≈@Y.PPP.##
≈≈≈;≈;≈≈..K[.PP.#
≈≈≈≈≈≈≈≈..§..P..#
≈≈≈≈≈≈≈P≈.§>..P.#
≈≈P≈P≈P≈P......#.#
≈≈≈≈≈≈≈PP........#
♣≈≈≈≈≈≈≈≈......P#
♣♣♣≈#≈≈..........
#♣##P.........


You could see a catoblepas, Sonja (petrified) and 2 electric eels.

Vanquished Creatures
  Fannar (Lair:3)
  A hydra (Lair:3)
  Nergalle (Lair:3)
  Pikel (D:5)
  A will-o-the-wisp (Swamp:1)
  Joseph (D:8)
  A black mamba (Lair:2)
  9 cane toads
  Psyche (D:8)
  6 komodo dragons
  A tyrant leech (Swamp:1)
  A polar bear (Lair:4)
  Prince Ribbit (Lair:3)
  8 blink frogs
  A redback (Lair:2)
  Sigmund (D:1)
  A basilisk (shapeshifter) (D:8)
  4 wyverns
  A tarantella (Lair:2)
  24 yaks
  3 basilisks
  Edmund (D:6)
  11 water moccasins
  An ice beast (D:5)
  2 sky beasts
  5 black bears
  2 orc warriors
  7 wolves
  4 lemures (D:5)
  4 kobold brigands
  11 bullfrogs
  Blork the orc (D:6)
  A scorpion (D:5)
  An electric eel (D:8)
  13 wights
  A howler monkey (D:8)
  A centaur zombie (D:4)
  2 orc priests
  3 hounds
  Crazy Yiuf (D:5)
  3 bullfrog skeletons
  2 centaur skeletons (D:4)
  A gnoll shaman (D:7)
  2 iguanas (D:5)
  4 orc wizards
  A scorpion zombie (D:3)
  9 gnolls
  5 adders
  An adder skeleton (D:4)
  2 worms (D:4)
  A dart slug (D:5)
  17 orcs
  11 endoplasms
  5 giant cockroaches
  9 goblins
  6 hobgoblins
  3 jackals
  5 quokkas
  8 ball pythons
  9 bats
  3 frilled lizards
  20 kobolds
  A quokka zombie (D:3)
  5 rats
274 creatures vanquished.

Vanquished Creatures (others)
  4 foxfires (Swamp:1)
  20 fungi
  26 plants
50 creatures vanquished.

Grand Total: 324 creatures vanquished

Notes
Turn   | Place    | Note
-------+----------+-------------------------------------------
     0 | D:1      | Dabor the Draconian Conjurer began the quest for the Orb.
     0 | D:1      | Reached XP level 1. HP: 14/14 MP: 3/3
   520 | D:1      | Reached XP level 2. HP: 20/20 MP: 3/5
  1395 | D:2      | Noticed Sigmund
  1660 | D:2      | Learned a level 2 spell: Searing Ray
  1680 | D:2      | Reached XP level 3. HP: 26/26 MP: 3/6
  1741 | D:2      | Learned a level 3 spell: Teleport Other
  1898 | D:2      | You fall into a shaft and drop 1 floor!
  2198 | D:2      | Found a faded altar of an unknown god.
  2895 | D:3      | Found Vuef's Magic Scroll Boutique.
  2898 | D:3      | Bought a scroll of enchant weapon for 90 gold pieces
  2898 | D:3      | Bought a scroll of identify for 24 gold pieces
  2898 | D:3      | Bought a scroll of identify for 24 gold pieces
  3230 | D:3      | Reached skill level 1 in Fighting
  3230 | D:3      | Reached XP level 4. HP: 21/35 MP: 1/7
  3355 | D:3      | Found a basalt altar of Yredelemnul.
  3805 | D:1      | Killed Sigmund
  3806 | D:1      | Reached skill level 1 in Translocations
  3806 | D:1      | Reached XP level 5. HP: 17/41 MP: 0/9
  4021 | D:4      | Identified the +1 leather armour of Birdsong {Regen+ Str+5
                  | Dex+2 Stlth-}
  4432 | D:4      | Reached XP level 6. HP: 48/48 MP: 2/10
  4979 | D:4      | Reached skill level 5 in Conjurations
  5598 | D:4      | Found an opulent altar of Gozag.
  6032 | D:5      | Entered Level 5 of the Dungeon
  6059 | D:5      | Found a runed translucent door.
  6060 | D:5      | Noticed Crazy Yiuf
  6092 | D:5      | Your scales start taking on a dull iron-grey colour.
  6092 | D:5      | Reached XP level 7. HP: 56/56 MP: 6/12
  6350 | D:5      | Noticed Pikel
  6382 | D:5      | Killed Pikel
  6383 | D:5      | Reached XP level 8. HP: 41/66 MP: 2/14
  7136 | D:5      | Killed Crazy Yiuf
  7280 | D:6      | Noticed Edmund
  7302 | D:6      | Killed Edmund
  7303 | D:6      | Reached skill level 1 in Staves
  7303 | D:6      | Reached skill level 1 in Evocations
  7408 | D:6      | Found a glowing silver altar of Zin.
  7419 | D:6      | Found a broken altar of Ashenzari.
  7534 | D:6      | Found a shimmering blue altar of Sif Muna.
  7699 | D:6      | Found Fieg's Antique Armour Boutique.
  7862 | D:6      | Noticed Blork the orc
  7868 | D:6      | Killed Blork the orc
  8482 | D:7      | Found a staircase to the Ecumenical Temple.
  8502 | D:7      | Reached XP level 9. HP: 71/71 MP: 2/16
  8550 | D:7      | Reached skill level 5 in Stealth
  8988 | D:7      | Found a burning altar of Makhleb.
  8992 | D:7      | Found a glowing golden altar of the Shining One.
  8995 | D:7      | Found a bloodstained altar of Trog.
  9660 | D:8      | Noticed Psyche
  9674 | D:8      | Killed Psyche
  9675 | D:8      | Reached skill level 5 in Spellcasting
  9824 | D:8      | Reached skill level 5 in Dodging
  9838 | D:8      | Reached skill level 5 in Translocations
 10089 | D:8      | Learned a level 4 spell: Iskenderun's Mystic Blast
 10113 | D:8      | Reached skill level 5 in Staves
 10212 | D:8      | Reached XP level 10. HP: 74/78 MP: 7/18
 10261 | D:8      | Noticed Joseph
 10278 | D:8      | Found a staircase to the Lair.
 10674 | D:8      | Killed Joseph
 11026 | D:8      | Found Xunairpho's Antique Armour Shoppe.
 11031 | D:8      | Bought a pair of embroidered gloves for 225 gold pieces
 11376 | D:8      | Found a runed translucent door.
 11380 | D:8      | Found the +10 tower shield of Ignorance {rN+ Int-4}
 11397 | D:8      | Found a runed translucent door.
 11398 | D:8      | Noticed an orange crystal statue
 11526 | Lair:1   | Entered Level 1 of the Lair of Beasts
 11577 | Temple   | Entered the Ecumenical Temple
 11778 | D:6      | Became a worshipper of Sif Muna the Loreminder
 11852 | Lair:1   | Noticed a cane toad
 12002 | Lair:1   | Killed a cane toad
 12329 | Lair:1   | Reached * piety under Sif Muna
 12486 | Lair:1   | Noticed a cane toad
 12493 | Lair:1   | Killed a cane toad
 12494 | Lair:1   | Reached XP level 11. HP: 84/84 MP: 14/20
 13041 | Lair:2   | Reached skill level 5 in Evocations
 13170 | Lair:2   | Found a staircase to the Swamp.
 13363 | Lair:2   | Found a hole to the Spider Nest.
 14477 | Lair:2   | Reached ** piety under Sif Muna
 14616 | Spider:1 | Entered Level 1 of the Spider Nest
 14616 | Spider:1 | Noticed an orb spider
 14616 | Spider:1 | Noticed an orb spider
 14616 | Spider:1 | Noticed a wolf spider
 14649 | Swamp:1  | Entered Level 1 of the Swamp
 14653 | Swamp:1  | Noticed Roxanne
 14691 | Swamp:1  | Identified the +11 hand axe "Megyja Cagg" {protect, *Rage
                  | Will- Int+9}
 14691 | Swamp:1  | Noticed a spriggan rider
 15067 | Lair:3   | Noticed Prince Ribbit
 15086 | Lair:3   | Reached XP level 12. HP: 64/91 MP: 20/22
 15088 | Lair:3   | Killed Prince Ribbit
 15294 | Lair:3   | Noticed a six-headed hydra
 15305 | Lair:3   | Killed a six-headed hydra
 15489 | Lair:3   | Noticed Nergalle
 15514 | Lair:3   | Killed Nergalle
 15521 | Lair:3   | Reached skill level 5 in Earth Magic
 15663 | Lair:3   | Noticed Fannar
 15678 | Lair:3   | Killed Fannar
 16277 | Lair:3   | Learned a level 6 spell: Iron Shot
 18100 | Lair:5   | Noticed Sonja
 18104 | Lair:5   | Noticed a catoblepas
 18110 | Lair:5   | HP: 3/91 [something/blast of calcifying dust (7)]
 18116 | Lair:5   | Slain by a catoblepas

Illustrated notes

Levels and vault maps discovered:
D:1:      minmay_arrival_four_loops, layout_basic, minmay_pentomino_z4
D:2:      layout_loops_ring, chequers_ecumenical_altar_twisty,
          chequers_serial_rivers_marsh, guppyfry_early_lair_pool, uniq_sigmund
D:3:      layout_basic, lemuel_zombie_altar_yredelemnul, serial_shops,
          nicolae_shop_behind_doors, minmay_circle_x
D:4:      minmay_angry_zag, layout_gridville, grunt_gozag_breadcrumbs,
          st_stairs_1, minmay_misc_feat_room, roderic_nine_men_s_morris
D:5:      layout_loops_ring, uniq_pikel, uniq_crazy_yiuf_cottage
D:6:      layout_loops_cross, mainiacjoe_overflow_catch_the_wave, zin_treasury,
          serial_shops, nicolae_square_shop, minmay_misc_feat_tiny,
          uniq_blork_the_orc, uniq_edmund
D:7:      layout_loops_ring, grunt_temple_overflow_diamond,
          minmay_temple_entry_stoned_glass
D:8:      layout_basic, minmay_lair_entry_grove, serial_shops, shop,
          nicolae_wwwww, nicolae_lava_and_water,
          chequers_guarded_unrand_ignorance, uniq_joseph, uniq_psyche
D:9:      layout_long_grid, serial_shops, shop
Temple:   eino_narrow_crystal_temple
Lair:1:   layout_regular_city
Lair:2:   layout_cellular_growth, swamp_mist, spider_nest_entry_web_field,
          grunt_megastairs_3
Lair:3:   layout_roguey, minmay_lindwurm_lava, uniq_prince_ribbit2, uniq_fannar,
          uniq_nergalle
Lair:4:   layout_cave_pods, lemuel_fruit_tree, infiniplex_staircase_pool
Lair:5:   layout_hall_layers, slime_altar_1, nicolae_lair_grove_arrangements,
          pf_torpor_hydra, serial_bayou_shore_a, serial_bayou_shore_b,
          uniq_sonja
Swamp:1:  layout_basic_swamp, nicolae_swamp_trees_clearing, swamp_pool1,
          nicolae_swamp_no_escape, uniq_roxanne, uniq_frances
Spider:1: layout_spider_delve

Skill      XL: |  1  2  3  4  5  6  7  8  9 10 11 12 |
---------------+-------------------------------------+-----
Stealth        | 2 3 4 5 6 7 |  7.6
Dodging        | 2 3 4 5 6 7 |  7.0
Fighting       | 1 2 3 4 |  4.0
Spellcasting   | 3 4 5 6 7 |  7.2
Translocations | 1 2 3 4 5 6 7 |  7.0
Conjurations   | 5 6 7 8 |  8.6
Staves         | 2 5 7 8 |  8.9
Evocations     | 1 3 4 5 |  5.0
Earth Magic    | 7 |  7.9

Action                   |  1- 3 |  4- 6 |  7- 9 | 10-12 || total
-------------------------+-------+-------+-------+-------++-------
Melee: Unarmed           |    25 |       |       |       ||    25
       Mace              |    12 |       |       |       ||    12
       Tailslap          |     5 |     2 |     5 |    33 ||    45
       Short sword       |    46 |    33 |    23 |       ||   102
       Quarterstaff      |       |       |    55 |   260 ||   315
 Cast: Magic Dart        |    92 |    99 |   111 |   215 ||   517
       Searing Ray       |     1 |     5 |    41 |    42 ||    89
       Iron Shot         |       |       |       |     1 ||     1
Evoke: Wand              |       |       |     1 |       ||     1
  Use: Scroll            |     8 |     1 |     7 |     8 ||    24
       Potion            |       |       |     2 |     3 ||     5
 Stab: Sleeping          |       |       |     1 |     1 ||     2
       Distracted        |       |       |       |     4 ||     4
Armor: Skin              |    33 |    32 |    43 |   159 ||   267
Dodge: Dodged            |    61 |    37 |    90 |   257 ||   445
       Repelled          |     1 |       |     2 |     1 ||     4
Block: Other             |    16 |    14 |    38 |    14 ||    82
       Reflection        |       |       |       |     2 ||     2

Table legend: (Time is in decaauts)
 A = Elapsed time spent in this place.
 B = Non-inter-level travel time spent in this place.
 C = Inter-level travel time spent in this place.
 D = Time resting spent in this place.
 E = Time spent auto-exploring this place.
 F = Levels seen in this place.
 G = Mean time per level.
                   A        B        C        D        E       F      G
               +--------+--------+--------+--------+--------+-----+--------+
         Total |  18109 |  17527 |    582 |   3436 |  10951 |  17 | 1065.2 |
       Dungeon |  11642 |  11164 |    478 |   1864 |   7286 |   9 | 1293.6 |
        Temple |    171 |    161 |     10 |      0 |    153 |   1 |  171.0 |
          Lair |   6251 |   6158 |     93 |   1559 |   3512 |   5 | 1250.2 |
         Swamp |     42 |     42 |      0 |     13 |      0 |   1 |   42.0 |
   Spider Nest |      1 |      1 |      0 |      0 |      0 |   1 |    1.0 |
               +--------+--------+--------+--------+--------+-----+--------+

Top non-repeatable levels by time:
  Lair:2: 1988 daAuts
     D:4: 1980 daAuts
  Lair:3: 1823 daAuts
     D:8: 1725 daAuts
     D:1: 1697 daAuts
     D:7: 1657 daAuts
     D:3: 1457 daAuts
  Lair:1: 1219 daAuts
  Lair:4: 1170 daAuts
     D:5: 1148 daAuts
     D:2: 894 daAuts
     D:6: 889 daAuts
     D:9: 190 daAuts
  Temple: 171 daAuts
  Lair:5: 49 daAuts
